 Dungeon Crawl Stone Soup version 0.30.0-10-gfe55d96785 (webtiles) character file.

Game seed: 3980662962432247339

10936 Gabide the Brawler (level 11, -7/75 HPs)
             Began as a Mummy Berserker on May 16, 2023.
             Was an Elder of Trog.
             Mangled by an elephant (9 damage)
             ... on level 2 of the Lair of Beasts.
             The game lasted 00:15:58 (11919 turns).

Gabide the Brawler (Mummy Berserker)               Turns: 11919, Time: 00:15:59

Health: -7/75      AC:  8    Str: 25    XL:     11   Next: 42%
Magic:  11/11      EV: 11    Int: 13    God:    Trog [****..]
Gold:   1996       SH:  5    Dex: 11    Spells: 10/10 levels left

rFire   . .          .
                       - Unarmed
rCold   + . .        (no shield)
rNeg    + + +        t - +1 leather armour of Waiff {Slay+6}
rPois   ∞            k - +0 helmet
rElec   .            b - +0 cloak
rCorr   .            i - +0 pair of gloves
SInv    .            c - +0 pair of boots
Will    +++..        s - amulet of reflection
Stlth   +            h - ring of protection from fire
HPRegen 1.32/turn    d - +6 ring of intelligence
MPRegen 0.12/turn

%: reflection, faith
@: about to teleport, strong-willed (expiring), regenerating (expiring)
A: cold resistance 1, negative energy resistance 3, torment resistance 2, heat
vulnerability 1, in touch with death 1, no potions, faith
a: Renounce Religion, Trog's Hand, Brothers in Arms


You were on level 2 of the Lair of Beasts.
You worshipped Trog.
Trog was greatly pleased with you.
You visited 2 branches of the dungeon, and saw 12 of its levels.

You collected 1996 gold pieces.

Inventory:

Missiles
 f - 2 throwing nets
 p - 8 boomerangs (quivered)
Armour
 b - a +0 cloak (worn)
 c - a +0 pair of boots (worn)
 i - a +0 pair of gloves (worn)
 k - a +0 helmet (worn)
 t - the +1 leather armour of Waiff (worn) {Slay+6}
   (You found it on level 7 of the Dungeon)

   Slay:      It affects your accuracy & damage with ranged weapons and melee
   (+6).
Jewellery
 d - a +6 ring of intelligence (right hand)
 h - a ring of protection from fire (left hand)
 j - a ring of fire
 s - an amulet of reflection (around neck)
Wands
 e - a wand of polymorph (14)
 m - a wand of flame (29)
 n - a wand of charming (10)
 w - a wand of mindburst (8)
Scrolls
 a - 10 scrolls of teleportation
 g - 2 scrolls of poison
 l - a scroll of silence
 o - 6 scrolls of identify
 q - a scroll of vulnerability
 r - 3 scrolls of immolation
 v - a scroll of blinking
 x - 2 scrolls of fog
 y - a scroll of enchant weapon
Miscellaneous
 u - a box of beasts


   Skills:
 - Level 3.0 Fighting
 - Level 1.5 Armour
 - Level 1.5 Dodging
 + Level 15.3 Unarmed Combat


You had 10 spell levels left.
You didn't know any spells.
Your spell library was empty.

Dungeon Overview and Level Annotations

Branches:
Dungeon (10/15)            Temple (0/1) D:5            Lair (2/5) D:10
  Swamp (0/4) Lair:2       Spider (0/4) Lair:2          Orc (0/2) D:10

Altars:
Ashenzari
Fedhas
Hepliaklqana
Kikubaaqudgha
Makhleb
Qazlal
Uskayaw
Wu Jian
Xom

Shops:
D:8 *(


Innate Abilities, Weirdness & Mutations

You are immune to poison.
Your flesh is cold resistant. (rC+)
You are immune to negative energy. (rN+++)
You are immune to unholy pain and torment.
You are vulnerable to heat. (rF-)
You are in touch with the powers of death.
You do not drink.
You have a special connection with the divine. (Faith)


Message History

The killer bee is moderately wounded.
The killer bee barely misses you.
The meliai invokes the aid of its god against you.
Something smites you!
* * * LOW HITPOINT WARNING * * *
You closely miss the meliai. The killer bee stings you.
* * * LOW HITPOINT WARNING * * *
You block the meliai's attack. The meliai stings you.
* * * LOW HITPOINT WARNING * * *
The killer bee stings you.
* * * LOW HITPOINT WARNING * * *
The meliai closely misses you. The meliai stings you.
* * * LOW HITPOINT WARNING * * *
Blink to where?
Press: ? - help, Dir - move target 4 elephants and a cane toad come into view.
Found a stone staircase leading down.
As you read the scroll of blinking, it crumbles to dust.
The elephant trumpets! x3; The cane toad croaks.
An elephant comes into view.
Unknown command.
As you read the scroll of fog, it crumbles to dust.
The scroll dissolves into smoke.
An elephant comes into view.
Okay, then.
As you read the scroll of teleportation, it crumbles to dust.
You feel strangely unstable.
The elephant trumpets!
Okay, then.
Unknown command.
Unknown command.
Okay, then.
Unknown command.
Unknown command.
Unknown command.
You feel the effects of Trog's Hand fading.
The killer bee stings you.
* * * LOW HITPOINT WARNING * * *
The elephant tramples you!
You die...

...... ....... ###
.......P . #..#
.....>.. ..#...###
....... ........###
.....P ..........##
.P#.# ...>YY.Y.§.#
....### ...Y..Y.§§§#
......#
.....Y§@§§#.#
.P...##
.....§§Fy§§##
......#
#....§§§§y.§#
......##
#.....§§§§..##
.......#
............#
......##
#.#.......y.### ###
.......#
##.#..........## ..#
.......#
####......#P..##.#
.......#
#.#....###...y.###..


You could see 6 elephants, a cane toad, a meliai and a killer bee.

Vanquished Creatures
  The ghost of gyole the Skirmisher, a novice SpHu of the Shining One (D:8)
  An elephant (D:10)
  3 cane toads (Lair:1)
  A troll (D:10)
  A queen bee (D:9)
  4 blink frogs (Lair:1)
  A vampire (D:10)
  A shadow (D:8)
  6 yaks
  2 wyverns
  2 basilisks (D:10)
  4 vampire mosquitoes (Lair:2)
  3 steam dragons
  An acid dragon (D:9)
  5 water moccasins
  5 black bears
  An ice beast (D:6)
  2 orc warriors
  An ogre (D:5)
  2 centaurs (D:9)
  A phantom (D:6)
  6 bullfrogs
  Blork the orc (D:6)
  5 scorpions
  4 wights (D:8)
  23 killer bees
  2 howler monkeys
  2 hounds
  2 jellies
  6 orc priests
  A sleepcap (D:6)
  6 iguanas
  6 orc wizards
  Robin (D:3)
  5 gnolls
  8 adders
  2 white imps
  An ufetubus (D:5)
  3 worms
  26 orcs
  8 ball pythons
  3 bats
  8 endoplasms
  3 giant cockroaches
  10 goblins
  9 hobgoblins
  7 jackals
  5 quokkas
  4 frilled lizards
  3 kobolds
  7 rats
225 creatures vanquished.

Vanquished Creatures (collateral kills)
  A boulder beetle (D:9)
  A blink frog (Lair:1)
  A killer bee (D:4)
3 creatures vanquished.

Vanquished Creatures (others)
  A killer bee (D:4)
  A goblin (D:3)
2 creatures vanquished.

Grand Total: 230 creatures vanquished

Notes
Turn   | Place    | Note
-------+----------+-------------------------------------------
     0 | D:1      | Gabide the Mummy Berserker began the quest for the Orb.
     0 | D:1      | Reached XP level 1. HP: 18/18 MP: 1/1
   156 | D:1      | Reached XP level 2. HP: 21/24 MP: 2/2
   170 | D:1      | Reached skill level 3 in Unarmed Combat
   474 | D:1      | Reached ** piety under Trog
   899 | D:1      | Gained mutation: You are in touch with the powers of death.
                  | [Mummy growth]
   899 | D:1      | Reached XP level 3. HP: 23/29 MP: 3/3
  1662 | D:2      | Reached skill level 4 in Unarmed Combat
  1916 | D:2      | Reached XP level 4. HP: 33/35 MP: 4/4
  2324 | D:3      | Reached *** piety under Trog
  2534 | D:3      | Noticed Robin
  2554 | D:3      | Killed Robin
  2657 | D:2      | Reached XP level 5. HP: 32/41 MP: 5/5
  2813 | D:3      | Reached skill level 5 in Unarmed Combat
  2975 | D:3      | Found a faded altar of an unknown god.
  3031 | D:3      | Found a blossoming altar of Fedhas.
  3031 | D:3      | Found a shimmering altar of Xom.
  3569 | D:4      | Reached XP level 6. HP: 24/47 MP: 6/6
  3586 | D:4      | Reached skill level 6 in Unarmed Combat
  4238 | D:4      | Reached XP level 7. HP: 49/52 MP: 7/7
  4429 | D:5      | Entered Level 5 of the Dungeon
  4462 | D:5      | Reached **** piety under Trog
  4520 | D:5      | Noticed a steam dragon
  4535 | D:5      | Killed a steam dragon
  4536 | D:5      | Reached skill level 7 in Unarmed Combat
  4569 | D:5      | Found a staircase to the Ecumenical Temple.
  4810 | D:5      | Reached skill level 8 in Unarmed Combat
  5116 | D:6      | Reached XP level 8. HP: 56/58 MP: 8/8
  5384 | D:6      | Noticed Blork the orc
  5391 | D:6      | Killed Blork the orc
  5394 | D:6      | Identified 2 scrolls of acquirement
  5394 | D:6      | Acquired 284 gold pieces
  5396 | D:6      | Acquired 1102 gold pieces
  5474 | D:6      | Reached skill level 9 in Unarmed Combat
  6024 | D:7      | Reached skill level 10 in Unarmed Combat
  6402 | D:7      | Reached XP level 9. HP: 57/63 MP: 9/9
  6591 | D:7      | Found an ancient bone altar of Kikubaaqudgha.
  6825 | D:7      | Found a burning altar of Makhleb.
  6825 | D:7      | Found a hide-covered altar of Uskayaw.
  6825 | D:7      | Found a broken altar of Ashenzari.
  6890 | D:7      | Found a hazy altar of Hepliaklqana.
  6894 | D:7      | Identified the +1 leather armour of Waiff {Slay+6}
  7179 | D:8      | Reached skill level 11 in Unarmed Combat
  7264 | D:8      | Found Zin's Purification Station.
  7275 | D:8      | Found Upoasat's Weapon Shop.
  7287 | D:8      | Reached ***** piety under Trog
  7559 | D:8      | Noticed gyole's ghost (novice SpHu)
  7564 | D:8      | Found a runed translucent door.
  7589 | D:8      | Killed gyole's ghost
  7590 | D:8      | Reached skill level 12 in Unarmed Combat
  8049 | D:8      | Reached XP level 10. HP: 43/70 MP: 10/10
  8497 | D:9      | Found a stormy altar of Qazlal.
  8863 | D:9      | Reached skill level 13 in Unarmed Combat
  9164 | D:9      | Noticed a boulder beetle
  9191 | D:9      | Killed a boulder beetle
  9577 | D:9      | Found an ornate altar of the Wu Jian Council.
  9689 | D:10     | Entered Level 10 of the Dungeon
  9710 | D:10     | Found a staircase to the Lair.
  9710 | D:10     | Noticed an elephant
  9722 | D:10     | Killed an elephant
  9723 | D:10     | Reached skill level 14 in Unarmed Combat
 10068 | D:10     | Found a staircase to the Orcish Mines.
 10079 | D:10     | Identified the +8 spear of Riatho {heavy, rPois rC+ rCorr
                  | SInv}
 10398 | D:10     | Reached XP level 11. HP: 52/75 MP: 11/11
 10705 | Lair:1   | Entered Level 1 of the Lair of Beasts
 10907 | Lair:1   | Identified the +7 sling of Midsummer {drain, rPois Int+2}
 11026 | Lair:1   | Identified the +2 leather armour of the Monk {+Blink
                  | Regen+}
 11254 | Lair:1   | Reached skill level 15 in Unarmed Combat
 11648 | Lair:2   | Found a staircase to the Swamp.
 11908 | Lair:2   | Found a hole to the Spider Nest.
 11915 | Lair:2   | HP: 3/75 [meliai/+0 hand axe (3)]
 11919 | Lair:2   | Mangled by an elephant

Illustrated notes

Levels and vault maps discovered:
D:1:      dpeg_arrival_castle, layout_loops_corners, corexii_hall_statues_l,
          hangedman_abyss_or_decor_lesser_grid, minmay_crystal_room, minivault_4
D:2:      kennysheep_six_static_rooms, layout_loops_ring
D:3:      layout_loops_corners, gammafunk_temple_overflow_wave,
          dilly_ecumenical_altar_fadedgnrine, minmay_crystal_water,
          nicolae_grassy_gnolls, uniq_robin
D:4:      layout_loops_ring
D:5:      layout_loops_ring, minmay_temple_entry_sparse_star, minivault_19
D:6:      layout_basic, uniq_blork_the_orc
D:7:      layout_basic, lemuel_round_altar, mainiacjoe_overflow_surrounded_room,
          gammafunk_temple_overflow_claw
D:8:      layout_basic, zin_purify, serial_rivers, chequers_serial_rivers_marsh,
          chequers_serial_rivers_small_3, chequers_serial_rivers_micro_e,
          chequers_serial_rivers_large_b, chequers_serial_rivers_micro_e,
          chequers_serial_rivers_micro_c, serial_shops, nicolae_shop_scrapyard,
          hellmonk_ghost_happy_afterlife, grunt_ministairs_14,
          minmay_liquid_box, lightli_minifort
D:9:      layout_basic, mainiacjoe_overflow_small_starburst,
          pdpol_wu_jian_five_deadly_venoms, nicolae_looking_at_the_future
D:10:     layout_irregular_city, david_lair_generic, orc_0_dummy,
          nzn_life_drinkers
Lair:1:   layout_cave_pods
Lair:2:   layout_cave_pods, minmay_swamp_entry_swarm,
          hellmonk_spider_entry_not_the_bees, lemuel_fruit_fields, uniq_harold,
          uniq_prince_ribbit2

Skill      XL: |  1  2  3  4  5  6  7  8  9 10 11 |
---------------+----------------------------------+-----
Unarmed Combat | 3 4 5 6 8 10 12 14 15 | 15.3
Fighting       | |  3.0
Armour         | |  1.5
Dodging        | |  1.5

Action                     |  1- 3 |  4- 6 |  7- 9 | 10-12 || total
---------------------------+-------+-------+-------+-------++-------
  Melee: Unarmed           |   132 |   249 |   338 |   211 ||   930
         Punch             |     3 |    10 |    18 |    18 ||    49
  Throw: Throwing net      |       |     2 |     2 |       ||     4
         Boomerang         |       |       |     8 |     7 ||    15
 Invoke: Trog's Hand       |       |     4 |     2 |     5 ||    11
         Brothers in Arms  |       |       |       |     2 ||     2
  Evoke: Wand              |       |     3 |       |       ||     3
    Use: Scroll            |       |     5 |     8 |     7 ||    20
   Stab: Sleeping          |     1 |       |       |       ||     1
         Held in net/web   |       |     1 |     3 |       ||     4
         Fleeing           |       |       |       |     1 ||     1
 Armour: Animal skin       |     5 |       |       |       ||     5
         Ring mail         |    16 |    80 |    73 |       ||   169
         Skin              |     5 |       |       |       ||     5
         Leather armour    |       |       |    11 |    73 ||    84
  Dodge: Dodged            |    63 |   129 |   143 |   104 ||   439
  Block: Other             |       |       |    52 |    47 ||    99
         Reflection        |       |       |     2 |     3 ||     5
